 Dungeon Crawl Stone Soup version 0.30.1 (webtiles) character file.

Game seed: 10318911237760286460

182 Fodor the Covered (level 5, 0/47 HPs)
             Began as a Minotaur Fighter on July 12, 2023.
             Killed by nerve-wracking pain
             ... invoked by Grinder
              (12 damage)
             ... on level 3 of the Dungeon.
             The game lasted 00:14:30 (2458 turns).

Fodor the Covered (Minotaur Fighter)                Turns: 2458, Time: 00:14:31

Health: 0/47       AC:  9    Str: 23    XL:     5   Next: 34%
Magic:  4/4        EV:  8    Int:  5    God:
Gold:   155        SH:  4    Dex:  9    Spells: 4/4 levels left

rFire   . . .        a - +0 long sword
rCold   . . .        c - +0 buckler
rNeg    . . .        i - +0 chain mail
rPois   .            (helmet restricted)
rElec   .            (no cloak)
rCorr   .            (no gloves)
SInv    .            (no boots)
Will    .....        (no amulet) Stlth
                     (no ring)
HPRegen 0.27/turn    (no ring)
MPRegen 0.09/turn

%: no passive effects
@: no status effects
A: horns 2, retaliatory headbutt
a: no special abilities


You were on level 3 of the Dungeon.
You visited 1 branch of the dungeon, and saw 3 of its levels.

You collected 155 gold pieces.

Inventory:

Hand Weapons
 a - a +0 long sword (weapon)
 t - a +4 sling of flaming
Missiles
 h - 2 curare-tipped darts
 o - 9 poisoned darts (quivered)
Armour
 c - a +0 buckler (worn)
 i - a +0 chain mail (worn)
 p - a +0 plate armour
Jewellery
 m - a ring of magical power
Scrolls
 f - 2 scrolls of identify {unknown}
 g - a scroll of brand weapon {unknown}
 j - a scroll of blinking {unknown}
 k - 3 scrolls of poison {unknown}
 l - 3 scrolls of teleportation {unknown}
 q - a scroll of enchant weapon {unknown}
 r - a scroll of fog {unknown}
 s - a scroll of enchant armour {unknown}
Potions
 b - a potion of degeneration {unknown}
 d - 3 potions of might
 e - a potion of invisibility {unknown}
 n - a potion of flight {unknown}
 u - a potion of curing {unknown}
 v - a potion of mutation {unknown}


   Skills:
 + Level 4.4 Fighting
 + Level 4.7 Long Blades
 + Level 0.2 Throwing
 + Level 4.7 Armour
 + Level 1.2 Dodging
 + Level 4.1 Shields


You had 4 spell levels left.
You didn't know any spells.
Your spell library contained the following spells:

 Spells                   Type           Power      Damage    Failure   Level
 Sublimation of Blood     Necr           0%         N/A       99%         2
 Wereblood                Tmut           0%         N/A       99%         2
 Hailstorm                Conj/Ice       0%         3d3       100%        3
 Ice Form                 Ice/Tmut       0%         N/A       100%        4
 Simulacrum               Ice/Necr       0%         N/A       100%        6
 Summon Hydra             Summ           0%         N/A       100%        7


Dungeon Overview and Level Annotations

Branches:
Dungeon (3/15)

Altars:
Qazlal

Shops:
D:2 =*   D:3 (

Annotations:
D:3 Grinder


Innate Abilities, Weirdness & Mutations

You have a pair of horns on your head.
You reflexively headbutt those who attack you in melee.


Message History

You can move again.
Fire: t) +4 sling (flame)
Press: ? - help, Q - select action, (/) - cycle Shift-Dir - straight line, f/p - Grinder
Aim: Grinder (lightly wounded, 55% to hit)
You shoot a sling bullet. The sling bullet hits Grinder.
The sling bullet burns Grinder.
Grinder is moderately wounded.
Grinder gestures at you. Pain shoots through your body!
Your +4 sling of flaming stops flaming.
a - a +0 long sword (weapon)
You hit Grinder.
Grinder is moderately wounded.
Grinder hits you.
You writhe in agony.
Grinder says, "I used to sell toenails on the black market."
Grinder hits you but does no damage.
You closely miss Grinder.
Grinder is moderately wounded.
Grinder gestures at you. Pain shoots through your body!
You barely miss Grinder. You headbutt Grinder.
Grinder is moderately wounded.
Grinder blinks!
Grinder gestures at you. Pain shoots through your body!
* * * LOW HITPOINT WARNING * * *
Grinder gestures at you.
You barely resist. You barely miss Grinder. Your headbutt misses Grinder.
Grinder is moderately wounded.
Grinder misses you.
You barely miss Grinder.
Grinder is moderately wounded.
You block Grinder's attack.
You slash Grinder! You headbutt Grinder!
Grinder is severely wounded.
Grinder blinks!
Grinder gestures at you. Pain shoots through your body!
You die...

##. ##### #.)
...#
.##..####.#######
.......>........#
................#
............@...#
######.5........#
######.#########
#...##.....#
#._.##.###.# ## #
#...##...#.#
.).#.###.##.....#
#.#....##....###
#...##.###.###


You could see Grinder.

Vanquished Creatures
  A scorpion (D:2)
  Robin (D:3)
  5 adders
  2 worms
  An orc (D:3)
  2 ball pythons
  3 bats
  5 endoplasms
  4 giant cockroaches (D:3)
  15 goblins
  8 hobgoblins
  2 quokkas (D:3)
  A frilled lizard (D:2)
  7 kobolds
  2 rats (D:2)
59 creatures vanquished.

Notes
Turn   | Place    | Note
-------+----------+-------------------------------------------
     0 | D:1      | Fodor the Minotaur Fighter began the quest for the Orb.
     0 | D:1      | Reached XP level 1. HP: 19/19 MP: 0/0
   497 | D:1      | Reached XP level 2. HP: 27/27 MP: 1/1
   825 | D:2      | Found Riacyrch's Assorted Antiques.
   857 | D:2      | Reached skill level 1 in Dodging
   905 | D:2      | Noticed a scorpion
   910 | D:2      | Killed a scorpion
   911 | D:2      | Reached XP level 3. HP: 27/33 MP: 2/2
   911 | D:2      | Reached XP level 4. HP: 32/40 MP: 3/3
  1040 | D:2      | Found Guczuisousk's Jewellery Shoppe.
  1159 | D:2      | Found a faded altar of an unknown god.
  1744 | D:3      | Reached XP level 5. HP: 46/46 MP: 4/4
  1825 | D:3      | Noticed Robin
  1842 | D:3      | Killed Robin
  2330 | D:3      | Found Kaj Tiza's Antique Weapon Emporium.
  2411 | D:3      | Found a stormy altar of Qazlal.
  2439 | D:3      | Noticed Grinder
  2443 | D:3      | Paralysed by Grinder for 3 turns
  2458 | D:3      | Killed from afar by Grinder

Illustrated notes

Levels and vault maps discovered:
D:1:      saegor_arrival_simple_d, layout_basic, hangedman_abyss_or_decor_stabs,
          chequers_serial_rivers_room_b, dk_noncrumbling_3, serial_park_tiny_2
D:2:      layout_loops_ring, serial_shops, shop, nicolae_shop_waterfront,
          dilly_ecumenical_altar_fadedgnrine
D:3:      layout_basic, mainiacjoe_overflow_swirl, serial_shops, shop,
          minmay_randomly_rotated_circles, uniq_robin, uniq_grinder

Skill      XL: |  1  2  3  4 |
---------------+-------------+-----
Dodging        | 1 |  1.2
Fighting       | 4 |  4.4
Long Blades    | 3 4 |  4.7
Armour         | 4 |  4.7
Shields        | 4 |  4.1
Throwing       | |  0.2

Action                     |  1- 3 |  4- 6 || total
---------------------------+-------+-------++-------
  Melee: Long sword        |    23 |    62 ||    85
         Headbutt          |     5 |    12 ||    17
   Fire: Sling             |       |    25 ||    25
  Throw: Dart              |       |    13 ||    13
 Armour: Scale mail        |     4 |       ||     4
         Chain mail        |     9 |    38 ||    47
  Dodge: Dodged            |    10 |    35 ||    45
  Block: Buckler           |     5 |    14 ||    19
